 Dungeon Crawl Stone Soup version 0.19.4 (webtiles) character file.

256 angel3174 the Shield-Bearer (level 5, -4/61 HPs)
             Began as a Demonspawn Fighter on Feb 2, 2017.
             Slain by an ogre
             ... wielding a +0 giant club
              (16 damage)
             ... on level 3 of the Dungeon.
             The game lasted 00:09:57 (2094 turns).

angel3174 the Shield-Bearer (Demonspawn Fighter)    Turns: 2094, Time: 00:09:57

Health: -4/61      AC: 22    Str: 18    XL:     5   Next: 92%
Magic:  0/5        EV:  2    Int:  9    God:
Gold:   147        SH:  9    Dex: 12    Spells: 0 memorised, 4 levels left

rFire  . . .     SeeInvis .     e - +1 dagger (speed)
rCold  . . .     Gourm    .     (armour currently unavailable)
rNeg   + + +     Faith    .     c - +0 shield
rPois  +         Spirit   +     (helmet currently unavailable)
rElec  .         Reflect  .     (cloak currently unavailable)
rCorr  .         Harm     .     (gloves currently unavailable)
MR     .....     NoTele   +     (boots currently unavailable)
Stlth  +++.......               b - amulet of guardian spirit
                                (no ring)
                                (no ring)

@: tree-form
A: nightstalker 2, (spiny 0)
a: no special abilities


You were on level 3 of the Dungeon.
You were completely stuffed.
You were a tree.
You visited 1 branch of the dungeon, and saw 3 of its levels.

You collected 147 gold pieces.

Inventory:

Hand Weapons
 a - a +0 long sword
 e - a +1 dagger of speed (weapon)
 j - a +0 hunting sling
Missiles
 i - 12 poisoned needles
 w - 42 arrows
Armour
 c - a +0 shield (worn)
 m - a +0 chain mail (melded)
 y - a +1 helmet (melded)
 A - a +0 cloak (melded)
Jewellery
 b - an amulet of guardian spirit (around neck)
 l - an uncursed amulet of the gourmand
Scrolls
 p - a scroll of remove curse
 v - a scroll of identify
Potions
 d - a potion of might
 g - a potion of cancellation
Comestibles
 f - 5 bread rations
 o - a royal jelly
 r - a meat ration
 s - 2 slices of pizza


   Skills:
 + Level 3.5 Fighting
 + Level 2.5(2.9) Short Blades
 + Level 2.1(2.7) Long Blades
 + Level 3.6 Armour
 + Level 1.2 Dodging
 + Level 3.9 Shields


You had 4 spell levels left.
You didn't know any spells.

Dungeon Overview and Level Annotations

Branches:
Dungeon (3/15)

Altars:
Uskayaw


Innate Abilities, Weirdness & Mutations

You are significantly more attuned to the shadows.
((You are partially covered in sharp spines.))


Message History

* * * LOW HITPOINT WARNING * * *
You are too injured to fight recklessly!
You turn into a tree.
Your +0 cloak melds into your body.
Your +1 helmet melds into your body.
Your +0 chain mail melds into your body.
Your roots penetrate the ground.
The ogre hits you but does no damage.
You are too injured to fight recklessly!
You hit the ogre but do no damage.
The ogre is severely wounded.
You hit the ogre.
The ogre is severely wounded.
You hit the ogre.
The ogre is almost dead.
The ogre barely misses you.
You hit the ogre.
The ogre is almost dead.
You hit the ogre but do no damage.
The ogre is almost dead.
The ogre hits you with a giant club!
You die...

#######.######
#............. #.........#
#.###.#.#.####.# #######
#.# #.###......# .......
#.# #.#....######
.......####.###.#'##......#
..............#.O..###....#
..............#.♣.........#
...##.........#....###....#
...##.........#..........O#
...##.........#.....#.....#
........).#####.###.#
..........####....#.#
................#.# .
................#.#
.##.............# #


You could see an ogre.

Vanquished Creatures
  The ghost of Paps the Sneak, an amateur GrAs (D:3)
  A scorpion (D:3)
  Ijyb (D:2)
  An adder (D:2)
  A dart slug (D:1)
  4 leopard geckos
  A giant cockroach (D:1)
  3 hobgoblins
  A quokka (D:2)
  8 bats
  2 frilled lizards (D:1)
  4 goblins
  5 kobolds
  36 rats
69 creatures vanquished.

Notes
Turn   | Place    | Note
-------+----------+-------------------------------------------
     0 | D:1      | angel3174 the Demonspawn Fighter began the quest for the Orb.
     0 | D:1      | Reached XP level 1. HP: 18/18 MP: 1/1
   181 | D:1      | Gained mutation: You are partially covered in sharp spines. [demonic ancestry]
   181 | D:1      | Reached XP level 2. HP: 23/24 MP: 2/2
   877 | D:2      | Gained mutation: You are slightly more attuned to the shadows. [demonic ancestry]
   877 | D:2      | Reached XP level 3. HP: 29/29 MP: 3/3
  1247 | D:2      | Found a hide-covered altar of Uskayaw.
  1247 | D:2      | Noticed Ijyb
  1294 | D:2      | Killed Ijyb
  1294 | D:2      | Reached skill level 1 in Short Blades
  1294 | D:2      | Gained mutation: You are significantly more attuned to the shadows. [demonic ancestry]
  1294 | D:2      | Reached XP level 4. HP: 35/35 MP: 4/4
  1708 | D:3      | Noticed Paps's ghost (amateur GrAs)
  1766 | D:3      | Killed Paps's ghost
  1766 | D:3      | Reached skill level 1 in Dodging
  1766 | D:3      | Reached XP level 5. HP: 23/41 MP: 5/5
  2001 | D:3      | Noticed an ogre
  2094 | D:3      | Slain by an ogre

Skill      XL: |  1  2  3  4 |
---------------+-------------+-----
Long Blades    | 2 |  2.1
Armour         | 3 |  3.6
Shields        | 3 |  3.9
Short Blades   | 1 2 |  2.5
Dodging        | 1 |  1.2
Fighting       | |  3.5

Action                   |  1- 3 |  4- 6 || total
-------------------------+-------+-------++-------
Melee: Dagger            |   191 |    98 ||   289
       Long sword        |     8 |       ||     8
  Use: Scroll            |       |     7 ||     7
       Potion            |       |     5 ||     5
 Stab: Sleeping          |       |     1 ||     1
  Eat: Chunk             |    15 |     3 ||    18
Armor: Scale mail        |    38 |    21 ||    59
       Chain mail        |       |     3 ||     3
       Skin              |       |     1 ||     1
Dodge: Dodged            |    30 |    15 ||    45
Block: Shield            |    77 |    12 ||    89
       Rpst.: Long sword |     1 |       ||     1
